SAA
YAKIMA HOPS @ BETHESDA ATOMS
07/19/2028
 
TOP OF THE 1ST
Yakima Hops batting - Pitching for Bethesda Atoms : LHP Hakan Yilmanz
Pitching: LHP Hakan Yilmanz
Batting: RHB Diego Rodríguez 0-0: SINGLE (Groundball, 6MD)
Batting: RHB Colin O'Connell 0-0: Ball
1-0: SINGLE (Line Drive, 89M)
Diego Rodríguez to second
Batting: RHB Jud Regan 0-0: Ball
1-0: Foul Ball, location: 2F
1-1: Ball
2-1: Ball
3-1: Foul Ball, location: 2F
3-2: Base on Balls
Diego Rodríguez to third
Colin O'Connell to second
Batting: LHB Pedro Tapia 0-0: Called Strike
0-1: Ground out 6-3 (Groundball, 6S)
Diego Rodríguez scores
Colin O'Connell to third
Jud Regan to second
Batting: RHB Luis Rodríguez 0-0: Called Strike
0-1: Ball
1-1: Ball
2-1: DOUBLE (Line Drive, 9LS)
Colin O'Connell scores
Jud Regan scores
Batting: SHB Marlon Webster 0-0: Ball
1-0: Ball
2-0: Ball
3-0: Called Strike
3-1: SINGLE (Flyball, 7S)
Luis Rodríguez to third
Runner from 3rd tries for Home, SAFE, no throw
Batting: RHB Xavier Gama 0-0: Ball
1-0: Grounds into double play, 6-4-3 (Groundball, 56)
Top of the 1st over - 4 run(s), 4 hit(s), 0 error(s), 0 left on base; Yakima 4 - Bethesda 0
BOTTOM OF THE 1ST
Bethesda Atoms batting - Pitching for Yakima Hops : RHP Brian Walker
Pitching: RHP Brian Walker
Batting: RHB Bartolo Rosas 0-0: Ball
1-0: Called Strike
1-1: Foul Ball, location: 2F
1-2: Ball
2-2: Fly out, F6 (Popup, 6D)
Batting: RHB Carlos Soto 0-0: Called Strike
0-1: Ball
1-1: DOUBLE (Line Drive, 89D)
Batting: RHB Patrick Eggen 0-0: Ball
Throwing error on steal attempt, E2
Carlos Soto scores
1-0: Foul Ball, location: 2F
1-1: Ball
2-1: Swinging Strike
2-2: TRIPLE (Flyball, 9LM)
Batting: RHB Enrique Ibarra 0-0: Swinging Strike
0-1: Ball
1-1: Ball
2-1: Ball
3-1: SINGLE (Groundball, 3D)
Patrick Eggen scores
Batting: RHB Albert Zamudio 0-0: Called Strike
Enrique Ibarra steals 2nd base
0-1: Swinging Strike
0-2: Ball
1-2: Ball
2-2: Strikes out looking
Batting: RHB Carlos Deleón 0-0: Ball
1-0: Ball
2-0: Foul Ball, location: 2F
2-1: Swinging Strike
2-2: Ground out 1-3 (Groundball, 15S)
Bottom of the 1st over - 2 run(s), 3 hit(s), 1 error(s), 1 left on base; Yakima 4 - Bethesda 2
TOP OF THE 2ND
Yakima Hops batting - Pitching for Bethesda Atoms : LHP Hakan Yilmanz
Batting: SHB José Ángel 0-0: Ball
1-0: Ball
2-0: Called Strike
2-1: Foul Ball, location: 2F
2-2: Foul Ball, location: 2F
2-2: Strikes out swinging
Batting: LHB Bob Maher 0-0: Called Strike
0-1: Ball
1-1: Fly out, F7 (Flyball, 7)
Batting: RHB Diego Rodríguez 0-0: Swinging Strike
0-1: Ball
1-1: SINGLE (Groundball, 56D)
Batting: RHB Colin O'Connell 0-0: Ball
Diego Rodríguez is caught stealing 2nd base
Top of the 2nd over - 0 run(s), 1 hit(s), 0 error(s), 0 left on base; Yakima 4 - Bethesda 2
BOTTOM OF THE 2ND
Bethesda Atoms batting - Pitching for Yakima Hops : RHP Brian Walker
Batting: RHB Héctor Amador 0-0: Called Strike
0-1: Foul Ball, location: 2F
0-2: Foul Ball, location: 2F
0-2: Ball
1-2: Strikes out looking
Batting: SHB Pedro Ortega 0-0: Ball
1-0: Called Strike
1-1: Called Strike
1-2: Ground out 4-3 (Groundball, 4S)
Batting: RHB Raúl Francisco 0-0: Called Strike
0-1: Called Strike
0-2: Strikes out swinging
Bottom of the 2nd over - 0 run(s), 0 hit(s), 0 error(s), 0 left on base; Yakima 4 - Bethesda 2
TOP OF THE 3RD
Yakima Hops batting - Pitching for Bethesda Atoms : LHP Hakan Yilmanz
Batting: RHB Colin O'Connell 0-0: Foul Ball, location: 2F
0-1: Foul Ball, location: 2F
0-2: Ball
1-2: Ball
2-2: Ball
3-2: Fly out, F8 (Line Drive, 8RM)
Batting: RHB Jud Regan 0-0: Ball
1-0: Fly out, F8 (Flyball, 8RM)
Batting: LHB Pedro Tapia 0-0: Ball
1-0: Ball
2-0: SINGLE (Groundball, 34D)
Batting: RHB Luis Rodríguez 0-0: Called Strike
0-1: Ball
1-1: Ball
2-1: Called Strike
2-2: Foul Ball, location: 2F
2-2: Strikes out swinging
Top of the 3rd over - 0 run(s), 1 hit(s), 0 error(s), 1 left on base; Yakima 4 - Bethesda 2
BOTTOM OF THE 3RD
Bethesda Atoms batting - Pitching for Yakima Hops : RHP Brian Walker
Batting: RHB Bartolo Rosas 0-0: Ball
1-0: Foul Ball, location: 2F
1-1: Called Strike
1-2: Ball
2-2: Strikes out swinging
Batting: RHB Carlos Soto 0-0: Ball
1-0: Called Strike
1-1: Fly out, F5 (Line Drive, 5)
Batting: RHB Patrick Eggen 0-0: Called Strike
0-1: Called Strike
0-2: Ball
1-2: Ball
2-2: Fly out, F6 (Popup, 56D)
Bottom of the 3rd over - 0 run(s), 0 hit(s), 0 error(s), 0 left on base; Yakima 4 - Bethesda 2
TOP OF THE 4TH
Yakima Hops batting - Pitching for Bethesda Atoms : LHP Hakan Yilmanz
Batting: SHB Marlon Webster 0-0: Ball
1-0: Ball
2-0: Ball
3-0: Base on Balls
Batting: RHB Xavier Gama 0-0: Foul Ball, location: 2F
0-1: Ball
1-1: Called Strike
1-2: Fly out, F9 (Flyball, 9S)
Batting: SHB José Ángel 0-0: Called Strike
0-1: Ground out 5-3 (Groundball, 56S)
Marlon Webster to second
Batting: LHB Bob Maher 0-0: Foul Ball, location: 2F
0-1: Ball
1-1: Ball
2-1: Ball
3-1: Base on Balls
Batting: RHB Diego Rodríguez 0-0: Swinging Strike
0-1: Ball
1-1: Ball
2-1: Swinging Strike
2-2: SINGLE (Groundball, 6MD)
Marlon Webster to third
Bob Maher to second
Runner from 3rd tries for Home, SAFE, no throw
Batting: RHB Colin O'Connell 0-0: Foul Ball, location: 2F
0-1: Foul Ball, location: 2F
0-2: 3-RUN HOME RUN (Flyball, 7LD), Distance : 347 ft
Pitching: RHP Robby McDonald
Batting: RHB Jud Regan 0-0: Called Strike
0-1: Ball
1-1: Ground out 6-3 (Groundball, 6)
Top of the 4th over - 4 run(s), 2 hit(s), 0 error(s), 0 left on base; Yakima 8 - Bethesda 2
BOTTOM OF THE 4TH
Bethesda Atoms batting - Pitching for Yakima Hops : RHP Brian Walker
Batting: RHB Enrique Ibarra 0-0: Called Strike
0-1: Called Strike
0-2: Ball
1-2: Strikes out looking
Batting: RHB Albert Zamudio 0-0: Called Strike
0-1: Swinging Strike
0-2: Ball
1-2: Ball
2-2: Foul Ball, location: 2F
2-2: Ball
3-2: Foul Ball, location: 2F
3-2: Fly out, F7 (Flyball, 7LSF)
Batting: RHB Carlos Deleón 0-0: Ball
1-0: SINGLE (Groundball, 6MD)
Batting: RHB Héctor Amador 0-0: Called Strike
0-1: Hit by Pitch
Carlos Deleón to second
Batting: SHB Pedro Ortega 0-0: Ball
1-0: Foul Ball, location: 2F
1-1: Ground out U3 (Groundball, 3)
Bottom of the 4th over - 0 run(s), 1 hit(s), 0 error(s), 2 left on base; Yakima 8 - Bethesda 2
TOP OF THE 5TH
Yakima Hops batting - Pitching for Bethesda Atoms : RHP Robby McDonald
Batting: LHB Pedro Tapia 0-0: Fly out, F8 (Flyball, 8LS)
Batting: RHB Luis Rodríguez 0-0: Ball
1-0: SINGLE (Flyball, 89S)
Batting: SHB Marlon Webster 0-0: Called Strike
Luis Rodríguez is caught stealing 2nd base
0-1: Ball
1-1: Fly out, F9 (Line Drive, 9)
Top of the 5th over - 0 run(s), 1 hit(s), 0 error(s), 0 left on base; Yakima 8 - Bethesda 2
BOTTOM OF THE 5TH
Bethesda Atoms batting - Pitching for Yakima Hops : RHP Brian Walker
Batting: RHB Raúl Francisco 0-0: Ball
1-0: Swinging Strike
1-1: Foul Ball, location: 2F
1-2: Strikes out swinging
Batting: RHB Bartolo Rosas 0-0: Called Strike
0-1: Ball
1-1: Foul Ball, location: 2F
1-2: Fly out, F7 (Flyball, 78S)
Batting: RHB Carlos Soto 0-0: Ball
1-0: Foul Ball, location: 2F
1-1: Called Strike
1-2: Strikes out looking
Bottom of the 5th over - 0 run(s), 0 hit(s), 0 error(s), 0 left on base; Yakima 8 - Bethesda 2
TOP OF THE 6TH
Yakima Hops batting - Pitching for Bethesda Atoms : RHP Robby McDonald
Batting: RHB Xavier Gama 0-0: Foul Ball, location: 2F
0-1: Ball
1-1: Ball
2-1: Foul Ball, location: 2F
2-2: Foul Ball, location: 2F
2-2: Ball
3-2: Base on Balls
Batting: SHB José Ángel 0-0: Ball
1-0: Foul Ball, location: 2F
1-1: SINGLE (Groundball, 4D)
Xavier Gama to second
Runner from 2nd tries for 3rd, SAFE, no throw
Batting: LHB Bob Maher 0-0: Ball
1-0: Called Strike
1-1: Called Strike
1-2: SINGLE (Flyball, 9LS)
Xavier Gama scores
José Ángel to second
Runner from 2nd tries for 3rd, SAFE, no throw
Batting: RHB Diego Rodríguez 0-0: Foul Ball, location: 2F
0-1: Called Strike
0-2: Strikes out swinging
Batting: RHB Colin O'Connell 0-0: Called Strike
0-1: Ball
1-1: Ball
2-1: Called Strike
2-2: Fly out, F8 (Flyball, 8RS)
Batting: RHB Jud Regan 0-0: Called Strike
0-1: Ball
1-1: Called Strike
1-2: Strikes out swinging
Top of the 6th over - 1 run(s), 2 hit(s), 0 error(s), 2 left on base; Yakima 9 - Bethesda 2
BOTTOM OF THE 6TH
Bethesda Atoms batting - Pitching for Yakima Hops : RHP Brian Walker
Batting: RHB Patrick Eggen 0-0: Ball
1-0: Foul Ball, location: 2F
1-1: Called Strike
1-2: Ball
2-2: Foul Ball, location: 2F
2-2: Fly out, F9 (Flyball, 9LM)
Pitching: RHP Jesús Pineda
Batting: RHB Enrique Ibarra 0-0: Called Strike
0-1: Ball
1-1: Ball
2-1: Foul Ball, location: 2F
2-2: Ball
3-2: Base on Balls
Batting: RHB Albert Zamudio 0-0: Called Strike
0-1: Called Strike
0-2: DOUBLE (Line Drive, 7LM)
Enrique Ibarra to third
Runner from 3rd tries for Home, SAFE, no throw
Pinch Runner at 2nd Enoch Reinhardt:
Batting: RHB Carlos Deleón 0-0: Ball
Enoch Reinhardt steals 3rd base
1-0: Foul Ball, location: 2F
1-1: Called Strike
1-2: Ground out 4-3 (Groundball, 34)
Enoch Reinhardt scores
Pitching: RHP Jack Thornton
Batting: RHB Héctor Amador 0-0: Called Strike
0-1: Ground out 6-3 (Groundball, 6S)
Bottom of the 6th over - 2 run(s), 1 hit(s), 0 error(s), 0 left on base; Yakima 9 - Bethesda 4
TOP OF THE 7TH
Yakima Hops batting - Pitching for Bethesda Atoms : RHP Robby McDonald
Now in LF: Enoch Reinhardt
Batting: LHB Pedro Tapia 0-0: Ball
1-0: Ball
2-0: Fly out, F3 (Line Drive, 3)
Batting: RHB Luis Rodríguez 0-0: Ball
1-0: Ball
2-0: Ball
3-0: Base on Balls
Batting: SHB Marlon Webster 0-0: Called Strike
0-1: Ball
1-1: Foul Ball, location: 2F
1-2: Strikes out swinging
Batting: RHB Xavier Gama 0-0: Foul Ball, location: 2F
0-1: Foul Ball, location: 2F
0-2: SINGLE (Groundball, 34D)
Luis Rodríguez to second
Runner from 2nd tries for 3rd, SAFE, no throw
Batting: SHB José Ángel 0-0: Ball
1-0: Called Strike
1-1: Swinging Strike
1-2: Strikes out looking
Top of the 7th over - 0 run(s), 1 hit(s), 0 error(s), 2 left on base; Yakima 9 - Bethesda 4
BOTTOM OF THE 7TH
Bethesda Atoms batting - Pitching for Yakima Hops : RHP Jack Thornton
Batting: SHB Pedro Ortega 0-0: Called Strike
0-1: Ball
1-1: Called Strike
1-2: Foul Ball, location: 2F
1-2: DOUBLE (Line Drive, 7LM)
Batting: RHB Raúl Francisco 0-0: Ball
1-0: Ball
2-0: Ball
3-0: Base on Balls
Batting: RHB Bartolo Rosas 0-0: Ball
1-0: Fielders Choice at 2nd, 1-4 (Groundball, 15S)
Pedro Ortega to third
Batting: RHB Carlos Soto 0-0: Ball
Bartolo Rosas is caught stealing 2nd base
1-0: Fly out, F7 (Flyball, 7)
Bottom of the 7th over - 0 run(s), 1 hit(s), 0 error(s), 1 left on base; Yakima 9 - Bethesda 4
TOP OF THE 8TH
Yakima Hops batting - Pitching for Bethesda Atoms : RHP Robby McDonald
Pitching: LHP Dan Drew
Batting: LHB Bob Maher 0-0: Ball
1-0: Called Strike
1-1: Ball
2-1: Ball
3-1: Foul Ball, location: 2F
3-2: Strikes out swinging
Batting: RHB Diego Rodríguez 0-0: Called Strike
0-1: Foul Ball, location: 2F
0-2: DOUBLE (Line Drive, 7)
Batting: RHB Colin O'Connell 0-0: Called Strike
0-1: Ball
1-1: Foul Ball, location: 2F
1-2: Ball
2-2: Strikes out looking
Batting: RHB Jud Regan 0-0: Foul Ball, location: 2F
0-1: Swinging Strike
0-2: Strikes out looking
Top of the 8th over - 0 run(s), 1 hit(s), 0 error(s), 1 left on base; Yakima 9 - Bethesda 4
BOTTOM OF THE 8TH
Bethesda Atoms batting - Pitching for Yakima Hops : RHP Jack Thornton
Batting: RHB Patrick Eggen 0-0: Foul Ball, location: 2F
0-1: Swinging Strike
0-2: Ground out 5-3 (Groundball, 56S)
Batting: RHB Enrique Ibarra 0-0: Ball
1-0: Ball
2-0: Fly out, F9 (Line Drive, 9)
Batting: RHB Enoch Reinhardt 0-0: Ground out 5-3 (Groundball, 56)
Bottom of the 8th over - 0 run(s), 0 hit(s), 0 error(s), 0 left on base; Yakima 9 - Bethesda 4
TOP OF THE 9TH
Yakima Hops batting - Pitching for Bethesda Atoms : LHP Dan Drew
Batting: LHB Pedro Tapia 0-0: Foul Ball, location: 2F
0-1: Fly out, F8 (Flyball, 89S)
Batting: RHB Luis Rodríguez 0-0: Fly out, F8 (Flyball, 78M)
Batting: SHB Marlon Webster 0-0: Called Strike
0-1: Ball
1-1: Swinging Strike
1-2: DOUBLE (Line Drive, 78M)
Batting: RHB Xavier Gama 0-0: SINGLE (Groundball, 4MD)
Marlon Webster to third
Runner from 3rd tries for Home, SAFE, no throw
Batting: SHB José Ángel 0-0: Ball
1-0: Called Strike
1-1: Ground out 5-3 (Groundball, 56S)
Top of the 9th over - 1 run(s), 2 hit(s), 0 error(s), 1 left on base; Yakima 10 - Bethesda 4
BOTTOM OF THE 9TH
Bethesda Atoms batting - Pitching for Yakima Hops : RHP Jack Thornton
Now at 2B: Mario Salazar
Batting: RHB Carlos Deleón 0-0: Foul Ball, location: 2F
0-1: Ball
1-1: Swinging Strike
1-2: Ball
2-2: Foul Ball, location: 2F
2-2: SINGLE (Flyball, 78S)
Batting: RHB Héctor Amador 0-0: Foul Ball, location: 2F
0-1: Called Strike
0-2: Strikes out swinging
Batting: SHB Pedro Ortega 0-0: Ball
1-0: Ground out 4-3 (Groundball, 4S)
Carlos Deleón to second
Batting: RHB Raúl Francisco 0-0: Ball
1-0: Ball
2-0: Foul Ball, location: 2F
2-1: Foul Ball, location: 2F
2-2: Ball
3-2: Foul Ball, location: 2F
3-2: Foul Ball, location: 2F
3-2: Ground out 5-3 (Groundball, 5)
Bottom of the 9th over - 0 run(s), 1 hit(s), 0 error(s), 1 left on base; Yakima 10 - Bethesda 4
Wednesday, August 16th, 2017 - OOTP Baseball 17.12 Build 75